 Dungeon Crawl Stone Soup version 0.24.0-1-gfbc8707 (webtiles) character file.

Game seed: 6231784247492766537, levelgen mode: deterministic

777 Salanewt the Chiller (level 7, -6/55 HPs)
             Began as a Barachi Ice Elementalist on Oct 31, 2019.
             Was an Initiate of Qazlal.
             Mangled by an orc
             ... wielding a +0 flail
              (8 damage)
             ... on level 5 of the Dungeon.
             The game lasted 00:27:32 (4998 turns).

Salanewt the Chiller (Barachi Ice Elementalist)     Turns: 4998, Time: 00:27:32

Health: -6/55      AC:  5    Str:  9    XL:     7   Next: 84%
Magic:  4/13       EV: 12    Int: 17    God:    Qazlal [......]
Gold:   209        SH:  0    Dex: 13    Spells: 6/14 levels left

rFire    . . .     SeeInvis .   g - +0 dagger
rCold    . . .     Gourm    .   (no shield)
rNeg     + . .     Faith    .   n - +0 robe {rN+}
rPois    .         Spirit   .   h - +0 helmet
rElec    .         Reflect  .   l - +1 cloak
rCorr    .         Harm     .   (no gloves)
MR       .....                  (no boots)
Stlth    ++........             (no amulet)
HPRegen  0.18/turn              f - ring of flight
MPRegen  0.13/turn              (no ring)

@: can't hop, hasted, quick
A: +LOS, swims, slowness 1, strong legs 1
a: Hop, Renounce Religion, Evoke Flight


You were on level 5 of the Dungeon.
You worshipped Qazlal.
Qazlal was noncommittal.
You were not hungry.

You visited 2 branches of the dungeon, and saw 6 of its levels.

You collected 209 gold pieces.

Inventory:

Hand Weapons
 g - a +0 dagger (weapon)
Armour
 a - a +0 robe
 d - a +0 cloak
 h - a +0 helmet (worn)
 j - +0 swamp dragon scales
 l - a +1 cloak (worn)
 n - a +0 robe of positive energy (worn)
Jewellery
 f - a ring of flight (left hand)
Scrolls
 e - a scroll of identify
 i - a scroll of blinking
 k - 3 scrolls of teleportation
 m - 3 scrolls of fog
 q - 4 scrolls of remove curse
Potions
 b - a potion of flight
Comestibles
 c - 6 rations
 o - 2 chunks of flesh


   Skills:
 + Level 4.3 Fighting
 * Level 3.3 Armour
 - Level 2.1 Dodging
 - Level 1.7 Stealth
 + Level 4.3 Spellcasting
 * Level 4.5 Conjurations
 + Level 5.8 Ice Magic


You had 6 spell levels left.
You knew the following spells:

 Your Spells              Type           Power        Failure   Level  Hunger
a - Freeze                Ice            ###.         1%          1    None
b - Throw Icicle          Conj/Ice       ###.....     19%         4    ####...
c - Ozocubu's Armour      Chrm/Ice       ##......     14%         3    ###....

Your spell library contained the following spells:

 Spells                   Type           Power        Failure   Level  Hunger
 Throw Frost              Conj/Ice       ###...       2%          2    ##.....
 Animate Skeleton         Necr           N/A          16%         1    None
 Apportation              Tloc           #.....       16%         1    None
 Confusing Touch          Hex            #.....       16%         1    None
 Summon Small Mammal      Summ           #...         16%         1    None
 Summon Ice Beast         Ice/Summ       ##......     41%         4    ####...


Dungeon Overview and Level Annotations

Branches:
Dungeon (5/15)             Temple (1/1) D:4

Altars:
Ashenzari
Cheibriados
Dithmenos
Elyvilon
Fedhas
Gozag
Hepliaklqana
Kikubaaqudgha
Makhleb
Nemelex Xobeh
Okawaru
Qazlal
Ru
Sif Muna
Trog
Uskayaw
Vehumet
Xom
Yredelemnul
Zin
The Shining One
Beogh

Shops:
D:4 [   D:5 *

Annotations:
D:5 yuri's ghost, novice FoFi


Innate Abilities, Weirdness & Mutations

Shadows flee at your approach. (+LOS)
You can swim through water.
You cover ground slowly.
You can hop short distances.


Message History

Aiming: Freeze (safe; 1% risk of failure)
Press: ? - help, Shift-Dir - straight line, f - orc priest
Aim: an orc priest, wielding a +0 hand axe (moderately wounded)
You freeze the orc priest.
The orc priest is heavily wounded.
The orc priest invokes the aid of Beogh against you.
Beogh smites you!
* * * LOW HITPOINT WARNING * * *
The orc shouts loudly.
Casting: Freeze (safe; 1% risk of failure)
Confirm with . or Enter, or press ? or * to list all spells.
Aiming: Freeze (safe; 1% risk of failure)
Press: ? - help, Shift-Dir - straight line, f/p - orc priest
Aim: an orc priest, wielding a +0 hand axe (heavily wounded)
You freeze the orc priest!
You kill the orc priest!
Qazlal accepts your kill.
Okay, then.
You feel yourself speed up. The orc hits you with a +0 flail!
You die...

###...####### #.#... 8
#...รท......# #.#..##% #
#.#...####.# #.#..#8 .#
#.#...# #.# #.#..# ..#
#.#...# #.# #.#=# ...#
#.#...####.# ##.'.#...[#
#.(.....<#.# #..'.#.8._#
##########.####ooo.#o..[#
#....@Wo#.# .#
#######.#o.# #.#..#8..
#.#..##..# #.#.... 8#
#8###### # ###


You could see yuri's ghost and 5 orcs.

Vanquished Creatures
  2 bullfrogs
  A scorpion (D:4)
  2 crimson imps (D:5)
  The ghost of JoannaLumley the Conjurer, a weakling TeCj (D:3)
  A hound (D:4)
  2 orc priests (D:5)
  4 orc wizards
  A bullfrog skeleton (D:4)
  2 worker ants (D:5)
  11 adders
  An ooze (D:4)
  A dart slug (D:4)
  4 leopard geckos
  17 orcs
  A ball python (D:1)
  2 giant cockroaches
  9 goblins
  8 hobgoblins
  4 jackals
  A quokka (D:3)
  8 bats
  3 frilled lizards
  12 kobolds
  A leopard gecko skeleton (D:4)
  A quokka skeleton (D:4)
  9 rats
109 creatures vanquished.

Notes
Turn   | Place    | Note
-------+----------+-------------------------------------------
     0 | D:1      | Salanewt the Barachi Ice Elementalist began the quest for
                  | the Orb.
     0 | D:1      | Reached XP level 1. HP: 13/13 MP: 3/3
   151 | D:1      | Reached XP level 2. HP: 20/20 MP: 1/5
   155 | D:1      | Reached skill level 1 in Fighting
   494 | D:1      | Reached skill level 4 in Ice Magic
   764 | D:1      | Reached XP level 3. HP: 26/26 MP: 2/7
  1395 | D:2      | Reached XP level 4. HP: 23/33 MP: 2/8
  2001 | D:3      | Learned a level 4 spell: Throw Icicle
  2005 | D:3      | Learned a level 3 spell: Ozocubu's Armour
  2081 | D:3      | Found a runed translucent door.
  2109 | D:3      | Found a shattered altar of Ashenzari.
  2370 | D:3      | Reached XP level 5. HP: 40/40 MP: 4/10
  2416 | D:3      | Found a glowing silver altar of Zin.
  2419 | D:3      | Found a basalt altar of Yredelemnul.
  2422 | D:3      | Found a sparkling altar of Nemelex Xobeh.
  2425 | D:3      | Found a shimmering blue altar of Sif Muna.
  2496 | D:3      | Noticed JoannaLumley's ghost (weakling TeCj)
  2514 | D:3      | Reached skill level 5 in Ice Magic
  2528 | D:3      | Killed JoannaLumley's ghost
  2528 | D:3      | Reached XP level 6. HP: 46/47 MP: 5/11
  2937 | D:4      | Reached skill level 1 in Armour
  3215 | D:4      | Noticed a phantom
  3375 | D:4      | Reached XP level 7. HP: 25/53 MP: 0/13
  3724 | D:4      | Found Wabbaom's Armour Boutique.
  3907 | D:4      | Found a staircase to the Ecumenical Temple.
  3916 | Temple   | Entered the Ecumenical Temple
  3958 | Temple   | Became a worshipper of Qazlal Stormbringer
  4829 | D:5      | Entered Level 5 of the Dungeon
  4833 | D:5      | Found Ykhibimi's General Store.
  4976 | D:5      | Found a runed translucent gate.
  4977 | D:5      | Found a runed translucent gate.
  4977 | D:5      | Noticed yuri's ghost (novice FoFi)
  4978 | D:5      | Found a runed translucent gate.
  4982 | D:5      | Found a roughly hewn altar of Beogh.
  4991 | D:5      | Identified the +11 hand axe "Toxobekk" {protect, rN++ Str+6
                  | Dex-5}
  4996 | D:5      | HP: 2/55 [orc priest/divine providence (13)]
  4998 | D:5      | Mangled by an orc

Levels and vault maps discovered:
D:1:      sevenhm_arrival_forest_fort_large_2, layout_rooms
D:2:      layout_basic, first_ration, skrybe_limestone_x
D:3:      layout_basic, overflow_temple_1_default,
          grunt_temple_overflow_cloverleaf, ebering_ghost_sewer_d
D:4:      layout_loops_ring, temple_statues, serial_shops, shop,
          minmay_large_rounded_square
D:5:      layout_basic, nicolae_ossuary_entry_giza, serial_shops, shop_statue,
          nicolae_shop_competitors_out_of_business, kennysheep_mini,
          nicolae_shop_stone, biasface_ghost_orc_armoury, tso_metal_star,
          uniq_duvessa, uniq_blork_the_orc
Temple:   nicolae_temple_elliptical

Skill      XL: |  1  2  3  4  5  6  7 |
---------------+----------------------+-----
Fighting       | 1 2 3 4 |  4.3
Ice Magic      | 4 5 |  5.8
Spellcasting   | 3 4 |  4.3
Conjurations   | 2 3 4 |  4.5
Armour         | 1 3 |  3.3
Dodging        | |  2.1
Stealth        | |  1.7

Action                   |  1- 3 |  4- 6 |  7- 9 || total
-------------------------+-------+-------+-------++-------
Melee: Unarmed           |     1 |       |       ||     1
       Dagger            |    61 |    28 |    79 ||   168
 Cast: Freeze            |    53 |    89 |    44 ||   186
       Throw Icicle      |       |     3 |    18 ||    21
       Ozocubu's Armour  |       |     1 |       ||     1
 Abil: Hop               |       |     1 |     2 ||     3
  Use: Potion            |       |     5 |     2 ||     7
       Scroll            |       |    10 |       ||    10
  Eat: Chunk             |     2 |     8 |     3 ||    13
       Ration            |       |       |     2 ||     2
Armor: Robe              |    34 |    12 |    18 ||    64
       Swamp dragon scal |       |    14 |       ||    14
       Skin              |       |     2 |       ||     2
Dodge: Dodged            |    69 |    72 |    59 ||   200
